 Dungeon Crawl Stone Soup version 0.22-a0-284-g99d1f74 (webtiles) character file.

19290 varam the Destroyer (level 12, -4/95 (97) HPs)
             Began as a Green Draconian Conjurer on Mar 20, 2018.
             Was a High Priest of Vehumet.
             Shot with an arrow by a centaur warrior (15 damage)
             ... in a volcano.
             The game lasted 01:21:40 (17536 turns).

varam the Destroyer (Green Draconian Conjurer)     Turns: 17536, Time: 01:21:41

HP:   -4/95 (97)    AC: 12    Str: 11    XL:     12   Next: 35%
MP:   12/22         EV: 17    Int: 20    God:    Vehumet [*****.]
Gold: 713           SH:  5    Dex: 12    Spells: 2/25 levels left

rFire    . . .     SeeInvis .   B - +6 whip (elec)
rCold    . . .     Gourm    .   g - +0 buckler
rNeg     . . .     Faith    .   (armour unavailable)
rPois    +         Spirit   .   (helmet restricted)
rElec    .         Reflect  .   K - +0 cloak {MR+}
rCorr    .         Harm     .   y - +1 pair of gloves
MR       +....                  z - +0 pair of boots {Fly}
Stlth    ++........             k - amulet of the acrobat
HPRegen  0.25/turn              q - +2 ring of evasion
MPRegen  0.18/turn              (no ring)

@: flying
A: breathe noxious fumes, unfitting armour, poison resistance, cold-blooded, AC
+8
a: Breathe Noxious Fumes, Renounce Religion, Stop Flying


You were in a volcano.
You worshipped Vehumet.
Vehumet was extremely pleased with you.
You were not hungry.

You visited 3 branches of the dungeon, and saw 16 of its levels.
You also visited: Volcano.

You collected 713 gold pieces.

Inventory:

Hand Weapons
 B - a +6 whip of electrocution (weapon)
 F - a +0 broad axe of flaming
 J - the +5 hand axe of a sewer {freeze, rPois rC+ rN+ MR-}
   (You took it off an orc priest on level 9 of the Dungeon)

   It has been specially enchanted to freeze those struck by it, causing extra
   injury to most foes and up to half again as much damage against particularly
   susceptible opponents.
   It can also slow down cold-blooded creatures.
   It protects you from cold.
   It protects you from poison.
   It protects you from negative energy.
   It affects your resistance to hostile enchantments.
Missiles
 l - 6 tomahawks (quivered)
 P - a throwing net
Armour
 g - a +0 buckler (worn)
 i - a +0 pair of boots
 y - a +1 pair of gloves (worn)
 z - a +0 pair of boots of flying (worn)
 K - a +0 cloak of magic resistance (worn)
Magical Staves
 t - an uncursed staff of air
Jewellery
 f - an uncursed ring of ice
 k - an amulet of the acrobat (around neck)
 q - a +2 ring of evasion (left hand)
 L - an uncursed ring of resist corrosion
Wands
 e - a wand of polymorph (12)
 h - a wand of disintegration (9)
 r - a wand of scattershot (4)
 w - a wand of iceblast (10)
 C - a wand of acid (18)
 D - a wand of random effects (30)
 G - a wand of paralysis (13)
 H - a wand of clouds (3)
Scrolls
 j - 2 scrolls of immolation
 n - 3 scrolls of amnesia
 o - a scroll of random uselessness
 v - 2 scrolls of remove curse
 x - 3 scrolls of enchant armour
 A - 3 scrolls of magic mapping
 N - a scroll of holy word {unknown}
Potions
 a - a potion of agility
 c - 4 potions of lignification
 m - 3 potions of brilliance
 p - a potion of cancellation
 s - 2 potions of haste
 u - 8 potions of curing
 E - a potion of might
 I - a potion of berserk rage
 M - 2 potions of heal wounds
 O - a potion of ambrosia
 Q - a potion of flight
Comestibles
 b - 26 rations


   Skills:
 - Level 6.5 Fighting
   Level 0.7 Short Blades
 + Level 7.9 Maces & Flails
 - Level 6.0 Dodging
 - Level 1.7 Stealth
 - Level 5.1 Shields
 - Level 7.0 Spellcasting
 * Level 14.0 Conjurations
 - Level 2.0 Hexes
 - Level 1.2 Earth Magic


You had 2 spell levels left.
You knew the following spells:

 Your Spells              Type           Power        Failure   Level  Hunger
a - Magic Dart            Conj           ####         1%          1    None
b - Searing Ray           Conj           ######       1%          2    None
c - Dazzling Spray        Conj/Hex       #####.       1%          3    #......
d - Iskenderun's Mystic   Conj           ######..     1%          4    ###....
e - Fulminant Prism       Conj/Hex       #####.....   1%          4    ###....
f - Lee's Rapid Deconstr  Erth           ##........   36%         5    #####..
g - Force Lance           Conj/Tloc      #####...     1%          4    ###....


Dungeon Overview and Level Annotations

Branches:
Dungeon (12/15)            Temple (1/1) D:4            Lair (3/6) D:11
 Spider (0/4) Lair:2          Orc (0/2) D:9
  Swamp: Lair:2-4    Shoals: Lair:2-4

Altars:
Ashenzari
Cheibriados
Elyvilon
Fedhas
Gozag
Hepliaklqana
Kikubaaqudgha
Makhleb
Nemelex Xobeh
Okawaru
Qazlal
Ru
Sif Muna
Trog
Uskayaw
Vehumet
Wu Jian
Yredelemnul
Zin
The Shining One
Beogh

Annotations:
D:3 varam's ghost, amateur TrTm
D:11 Azzok's ghost, journeyman MiFi; Urug
Lair:2 exclusion: oklob plant


Innate Abilities, Weirdness & Mutations

You can breathe blasts of noxious fumes.
Your lurid green scales are hard. (AC +8)
You cannot fit into any form of body armour.
Your system is resistant to poisons. (rPois)
You are cold-blooded and may be slowed by cold attacks.


Message History

Confirm with . or Enter, or press ? or * to list all spells.
Aiming: Dazzling Spray (safe; 1% risk of failure)
Press: ? - help, Shift-Dir - straight line, f/p - red draconian
Aim: a red draconian, wielding a broad axe of flaming and wearing a cloak (lightly wounded)
The spray of energy hits the centaur warrior.
The centaur warrior is heavily wounded.
You have got your breath back.
The centaur warrior shoots an arrow.
The arrow hits you!
* * * LOW HITPOINT WARNING * * *
The arrow burns you.
* * * LOW HITPOINT WARNING * * *
Casting: Dazzling Spray (safe; 1% risk of failure)
Confirm with . or Enter, or press ? or * to list all spells.
Aiming: Dazzling Spray (safe; 1% risk of failure)
Press: ? - help, Shift-Dir - straight line, f/p - red draconian
Aim: a red draconian, wielding a broad axe of flaming and wearing a cloak (lightly wounded)
The spray of energy hits the centaur warrior.
The centaur warrior is heavily wounded.
The centaur warrior shoots an arrow.
The arrow hits you!
You die...

####....# #.......#
._......' ......#
####....# ∩.....)d#
#c# ##### #'# ##...###
#@# #..§§..###.##
##§..§.###8(8#
###..§§≈..#....#
#.....≈≈≈§.).(.##
##...§≈≈§..§....#
####...≈≈§§≈≈≈≈....#
#.#..≈.§≈≈≈≈≈≈≈≈§..##
#.....§§§≈§≈≈≈≈≈≈≈..##


You could see a red draconian and a centaur warrior.

Vanquished Creatures
  A hydra (Lair:2)
  A two-headed ogre (D:8)
  Nergalle (D:11)
  Sonja (D:10)
  2 cyclopes (D:11)
  A manticore (D:11)
  Maurice (D:9)
  A gargoyle (D:11)
  2 spiny frogs
  4 komodo dragons
  A yaktaur (Volcano)
  A hornet (D:11)
  A troll (D:10)
  4 blink frogs (Lair:1)
  5 hippogriffs
  A spriggan (D:7)
  15 yaks
  A basilisk (Lair:1)
  Grum (D:10)
  6 fire bats (Volcano)
  A shadow (D:11)
  A hungry ghost (D:6)
  11 water moccasins
  5 porcupines
  4 phantoms
  4 ice beasts
  3 orc warriors
  2 sky beasts
  2 necrophages
  2 ogres
  3 wolves (D:10)
  The ghost of 4thArraOfDagon the Slasher, an amateur FoWr (D:9)
  10 centaurs
  2 crocodiles
  A big kobold (D:9)
  12 bullfrogs
  A gnoll sergeant (D:7)
  A wyvern skeleton (D:10)
  A scorpion (D:8)
  5 howler monkeys
  5 lava snakes (Volcano)
  A centaur zombie (D:7)
  5 crimson imps
  3 hounds
  A jelly (D:11)
  10 orc priests
  2 bullfrog skeletons
  14 orc wizards
  An iguana (D:5)
  6 hell rats (Lair:1)
  5 worker ants
  A hound skeleton (D:4)
  2 worker ant zombies
  9 gnolls
  14 adders
  2 river rats (Lair:1)
  3 shadow imps
  2 oozes
  3 worms
  A dart slug (D:1)
  6 leopard geckos
  46 orcs
  6 giant cockroaches
  6 goblins
  4 hobgoblins
  6 jackals
  8 kobolds
  8 quokkas
  A ball python (D:8)
  A ball python skeleton (D:4)
  10 bats
  A frilled lizard (D:2)
  A giant cockroach zombie (D:5)
  A leopard gecko skeleton (D:7)
  A quokka skeleton (D:4)
  5 rats
324 creatures vanquished.

Vanquished Creatures (others)
  21 fulminant prisms
  3 fungi (Lair:1)
  4 plants (Lair:1)
28 creatures vanquished.

Grand Total: 352 creatures vanquished

Notes
Turn   | Place    | Note
-------+----------+-------------------------------------------
     0 | D:1      | varam the Draconian Conjurer began the quest for the Orb.
     0 | D:1      | Reached XP level 1. HP: 14/14 MP: 3/3
   364 | D:1      | Reached XP level 2. HP: 20/20 MP: 3/5
   654 | D:1      | Learned a level 2 spell: Searing Ray
  1005 | D:2      | Reached XP level 3. HP: 23/26 MP: 3/6
  1082 | D:2      | Found a deep blue altar of Sif Muna.
  1495 | D:2      | Learned a level 3 spell: Dazzling Spray
  1597 | D:3      | Reached skill level 5 in Conjurations
  1776 | D:3      | Reached XP level 4. HP: 33/33 MP: 4/8
  1839 | D:3      | Reached skill level 3 in Spellcasting
  2116 | D:3      | Reached XP level 5. HP: 25/38 MP: 0/9
  2549 | D:3      | Reached skill level 6 in Conjurations
  2624 | D:3      | Learned a level 4 spell: Iskenderun's Mystic Blast
  2758 | D:3      | Noticed varam's ghost (amateur TrTm)
  3099 | D:4      | Found a staircase to the Ecumenical Temple.
  3109 | Temple   | Entered the Ecumenical Temple
  3201 | Temple   | Became a worshipper of Vehumet
  3365 | D:4      | Reached XP level 6. HP: 36/45 MP: 3/11
  3894 | D:4      | Reached skill level 4 in Spellcasting
  3914 | D:4      | Reached skill level 7 in Conjurations
  4109 | D:5      | Entered Level 5 of the Dungeon
  4316 | D:5      | Your scales start taking on a lurid green colour.
  4316 | D:5      | Reached XP level 7. HP: 50/50 MP: 7/13
  4316 | D:5      | Gained mutation: Your system is resistant to poisons. (rPois) [Green Draconian growth]
  4734 | D:5      | Reached * piety under Vehumet
  4734 | D:5      | Offered knowledge of Sandblast by Vehumet.
  4739 | D:5      | Reached skill level 8 in Conjurations
  4746 | D:5      | Learned a level 4 spell: Fulminant Prism
  4995 | D:5      | Reached skill level 1 in Shields
  5066 | D:5      | Reached skill level 2 in Dodging
  5422 | D:6      | Reached skill level 1 in Fighting
  5422 | D:6      | Reached XP level 8. HP: 56/58 MP: 7/15
  5674 | D:6      | Reached skill level 1 in Hexes
  5924 | D:6      | Reached skill level 1 in Maces & Flails
  5924 | D:6      | Reached skill level 5 in Spellcasting
  6053 | D:6      | Reached skill level 2 in Shields
  6222 | D:6      | Reached skill level 2 in Maces & Flails
  6489 | D:6      | Reached skill level 2 in Fighting
  6564 | D:7      | Reached skill level 3 in Shields
  6887 | D:6      | Reached skill level 2 in Hexes
  6944 | D:6      | Reached skill level 4 in Shields
  7153 | D:7      | Reached skill level 5 in Shields
  7196 | D:7      | Reached XP level 9. HP: 66/67 MP: 16/16
  7249 | D:7      | Reached skill level 3 in Maces & Flails
  7425 | D:7      | Reached skill level 9 in Conjurations
  7561 | D:7      | Offered knowledge of Sting by Vehumet.
  7729 | D:7      | Found a bloodstained altar of Trog.
  7768 | D:7      | Reached ** piety under Vehumet
  7995 | D:8      | Reached skill level 10 in Conjurations
  8094 | D:8      | Reached skill level 3 in Dodging
  8272 | D:8      | Reached skill level 3 in Fighting
  8316 | D:8      | Noticed a two-headed ogre
  8442 | D:9      | Found a staircase to the Orcish Mines.
  8445 | D:9      | Offered knowledge of Throw Frost by Vehumet.
  8448 | D:9      | Found a stormy altar of Qazlal.
  8498 | D:9      | Noticed Maurice
  8561 | D:10     | Entered Level 10 of the Dungeon
  8573 | D:10     | Noticed Grum
  8962 | D:8      | Reached skill level 4 in Fighting
  8962 | D:8      | Reached skill level 4 in Dodging
  9881 | D:9      | Noticed 4thArraOfDagon's ghost (amateur FoWr)
 10017 | D:8      | Reached skill level 5 in Fighting
 10145 | D:9      | Found a glowing golden altar of the Shining One.
 10324 | D:9      | Killed 4thArraOfDagon's ghost
 10324 | D:9      | Reached XP level 10. HP: 75/79 MP: 2/17
 10341 | D:9      | Reached *** piety under Vehumet
 10353 | D:9      | Found a roughly hewn altar of Beogh.
 10360 | D:9      | Got an iridescent hand axe {freeze}
 10361 | D:9      | Identified the +5 hand axe of a sewer {freeze, rPois rC+ rN+ MR-} (You took it off an orc priest on level 9 of the Dungeon)
 10493 | D:9      | Killed Maurice
 10493 | D:9      | Reached skill level 5 in Dodging
 10785 | D:8      | Killed a two-headed ogre
 10785 | D:8      | Reached skill level 6 in Fighting
 11285 | D:10     | Learned a level 5 spell: Lee's Rapid Deconstruction
 11299 | D:10     | Noticed Sonja
 11324 | D:10     | Killed Sonja
 11324 | D:10     | Reached skill level 6 in Dodging
 11324 | D:10     | Reached skill level 1 in Earth Magic
 11921 | D:10     | Offered knowledge of Throw Icicle by Vehumet.
 11921 | D:10     | Reached skill level 11 in Conjurations
 12047 | D:10     | Killed Grum
 12047 | D:10     | Reached skill level 4 in Maces & Flails
 12267 | D:11     | Noticed Nergalle
 12289 | D:11     | Noticed a spectral orc warlord
 12299 | D:11     | Killed Nergalle
 12299 | D:11     | Reached XP level 11. HP: 76/89 MP: 5/19
 12338 | D:11     | Reached skill level 6 in Spellcasting
 12791 | D:11     | Reached skill level 5 in Maces & Flails
 12801 | D:11     | Paralysed by a hornet for 2 turns
 13038 | D:11     | Noticed Urug
 13075 | D:11     | Noticed Azzok's ghost (journeyman MiFi)
 13129 | D:11     | Found a staircase to the Lair.
 13758 | D:11     | Reached skill level 12 in Conjurations
 13835 | D:11     | Reached **** piety under Vehumet
 14064 | Lair:1   | Entered Level 1 of the Lair of Beasts
 14529 | Lair:1   | Offered knowledge of Static Discharge by Vehumet.
 14602 | Lair:1   | Reached skill level 7 in Spellcasting
 14612 | Lair:1   | Reached skill level 6 in Maces & Flails
 15187 | Lair:1   | HP: 1/89 [komodo dragon (26)]
 15408 | Lair:1   | Reached skill level 13 in Conjurations
 16023 | Lair:2   | Noticed an oklob plant
 16112 | Lair:2   | Reached XP level 12. HP: 77/95 MP: 17/22
 16149 | Lair:2   | Learned a level 4 spell: Force Lance
 16168 | Lair:2   | Found a hole to the Spider Nest.
 16299 | Lair:2   | Reached skill level 7 in Maces & Flails
 16350 | Lair:2   | Noticed a five-headed hydra
 16363 | Lair:2   | Killed a five-headed hydra
 16459 | Lair:2   | Reached ***** piety under Vehumet
 16606 | Lair:2   | Offered knowledge of Yara's Violent Unravelling by Vehumet.
 16915 | Lair:3   | Found a dark tunnel.
 17182 | Volcano  | Entered a volcano
 17442 | Volcano  | Reached skill level 14 in Conjurations
 17525 | Volcano  | Found a radiant altar of Vehumet.
 17526 | Volcano  | Noticed a red draconian
 17531 | Volcano  | Noticed a centaur warrior
 17536 | Volcano  | Shot with an arrow by a centaur warrior

Vault maps used:
D:1:      minmay_arrival_open_corners
D:2:      lemuel_crystal_altar
D:4:      minmay_temple_entry_mist, first_ration
D:5:      corexii_shack, minmay_a_box_with_orc_wizards_in_it
D:7:      nicolae_overflow_hidden_temple, the_bakery
D:8:      grunt_tough_drop
D:9:      nicolae_tso_carved_into_rock, nicolae_qazlal_general_emergency,
          minmay_orc_entry_temple_small, uniq_maurice
D:10:     uniq_grum, uniq_sonja
D:11:     david_lair_generic, corexii_corridor_pit, nicolae_transmutations_shop,
          uniq_nergalle, uniq_urug
D:12:     kennysheep_four_of_diamonds, basic_altar
Temple:   regret_index_temple_mists
Lair:1:   st_stairs_12, kennysheep_abandoned_house
Lair:2:   spider_nest_entry_web_field
Lair:3:   nicolae_volcano_entry_two_sided, ice2_lemuel
Volcano:  volcano_grotto

Skill      XL: |  1  2  3  4  5  6  7  8  9 10 11 12 |
---------------+-------------------------------------+-----
Conjurations   | 5 6 7 8 10 11 13 14 | 14.0
Spellcasting   | 3 4 5 7 |  7.0
Shields        | 1 5 |  5.1
Dodging        | 2 4 6 |  6.0
Fighting       | 1 2 5 6 |  6.5
Hexes          | 2 |  2.0
Maces & Flails | 2 3 4 6 7 |  7.9
Earth Magic    | 1 |  1.2
Short Blades   | |  0.7
Stealth        | |  1.7

Action                   |  1- 3 |  4- 6 |  7- 9 | 10-12 || total
-------------------------+-------+-------+-------+-------++-------
Melee: Unarmed           |    31 |       |       |     3 ||    34
       Tailslap          |     4 |     2 |    19 |    45 ||    70
       Dagger            |       |    15 |    36 |       ||    51
       War axe           |       |       |    12 |       ||    12
       Whip              |       |       |   135 |   476 ||   611
Throw: Tomahawk          |       |       |     1 |       ||     1
 Cast: Magic Dart        |    63 |   105 |   142 |    57 ||   367
       Searing Ray       |     2 |    13 |    31 |    20 ||    66
       Iskenderun's Myst |       |     2 |    19 |     5 ||    26
       Dazzling Spray    |       |       |    42 |   152 ||   194
       Fulminant Prism   |       |       |     9 |    12 ||    21
 Abil: Breathe Noxious F |       |       |     7 |     2 ||     9
  Use: Scroll            |       |       |    18 |    16 ||    34
 Stab: Sleeping          |     1 |       |       |     2 ||     3
       Invisible         |       |       |     4 |    25 ||    29
       Distracted        |       |       |     1 |       ||     1
       Confused          |       |       |       |     1 ||     1
  Eat: Chunk             |     4 |     5 |    12 |    24 ||    45
       Ration            |       |     1 |     5 |     2 ||     8
Armor: Skin              |    19 |    15 |    73 |   103 ||   210
Dodge: Dodged            |    37 |    36 |   219 |   459 ||   751
Block: Buckler           |       |       |    32 |   128 ||   160

Table legend:
 A = Spawn XP
 B = Non-spawn XP
 C = Spawn XP percentage of total XP
 D = Spawn monster count
 E = Non-spawn monster count
 F = Spawn count percentage of total count
 G = Total turns spent on level
                    A         B        C        D         E        F      G
               +---------+---------+-------+---------+---------+-------+---------
         Total |       0 |   27558 |   0.0 |       0 |     324 |   0.0 | 17536
               +---------+---------+-------+---------+---------+-------+---------
           D:1 |       0 |      40 |   0.0 |       0 |      19 |   0.0 |   936
           D:2 |       0 |      23 |   0.0 |       0 |       6 |   0.0 |  1101
           D:3 |       0 |     224 |   0.0 |       0 |      27 |   0.0 |  1156
           D:4 |       0 |     361 |   0.0 |       0 |      19 |   0.0 |   838
           D:5 |       0 |     738 |   0.0 |       0 |      22 |   0.0 |  1561
           D:6 |       0 |    1098 |   0.0 |       0 |      22 |   0.0 |  1377
           D:7 |       0 |    1426 |   0.0 |       0 |      31 |   0.0 |   880
           D:8 |       0 |    2211 |   0.0 |       0 |      32 |   0.0 |  1075
           D:9 |       0 |    1365 |   0.0 |       0 |      24 |   0.0 |  2118
          D:10 |       0 |    2494 |   0.0 |       0 |      21 |   0.0 |  1355
          D:11 |       0 |    5694 |   0.0 |       0 |      31 |   0.0 |  1565
        Lair:1 |       0 |    5423 |   0.0 |       0 |      38 |   0.0 |  1872
        Lair:2 |       0 |    3806 |   0.0 |       0 |      15 |   0.0 |   937
        Lair:3 |       0 |     701 |   0.0 |       0 |       3 |   0.0 |   307
       Volcano |       0 |    1954 |   0.0 |       0 |      14 |   0.0 |   354
               +---------+---------+-------+---------+---------+-------+---------
